Unix xNetHack Version 8.0.0 - last build Jun 13 2023 01:05:28 (4b7ecc64c373f7294607d497be3f7ce1783331ac). Game began 2023-07-12 08:38:33, ended 2023-07-12 09:44:09. joes, lawful male human Samurai ------- |....^.## 0# ------------- |....S| # -------------#####...}.}E}....| |....@+!####|...........-####~|...~...}...| ------- #............| #|~.}}}.}}...| #|.....<.....| ##...~}...}...| #|........))..#####|E.}}...}..E| ------------ #------------- #|...}...}...| #########...........| ############### #|...}}}}}...|#### |..........| #####|~}{}....~..|# ######...........| #|.....E~~...|# # |..........| ------- #-------------# ## |..........| |.....-## ##################################### ------------ |....^| ## |......##### ------- Joes the Ninja St:12 Dx:18 Co:18 In:11 Wi:10 Ch:7 Lawful Dlvl:6 $:428 HP:0(60) Pw:21(21) AC:1 Exp:6 T:4816 Fainted Deaf Latest messages: You are beginning to feel weak from hunger. There is a staircase down to level 7 here. You stop. Hachi is in the way! Hachi bites it. It misses Hachi. In what direction? The door resists! You hear some noises. In what direction? The door resists! You hit the water moccasin. The water moccasin bites! You hack the water moccasin. The water moccasin misses! You kill the water moccasin! You swap places with Hachi. A rabid rat was hidden under a potion called 100 eme! The rabid rat bites! You swap places with Hachi. There is a staircase down to level 7 here. In what direction? Hachi blocks the way! You swap places with Hachi. Your splint mail deflects the rabid rat's attack. You swap places with Hachi. There is a staircase down to level 7 here. The rabid rat bites! You stop. Hachi is in the way! The water moccasin bites! The water moccasin bites! You swap places with Hachi. There is a staircase down to level 7 here. In what direction? The door resists! In what direction? The door closes. You hit the water moccasin. The water moccasin bites! You swap places with Hachi. The water moccasin bites! You hit the water moccasin. The water moccasin bites! There is a staircase down to level 7 here. You faint from lack of food. The water moccasin bites! The water moccasin bites! You die... Do you want your possessions identified? [ynq] (y) Do you want to see your attributes? [ynq] (n) Do you want to see your conduct and achievements? [ynq] (n) Inventory: Inventory: 684/800 weight (32/52 slots) Coins $ - 428 gold pieces {4} Weapons X - 32 uncursed +0 ya (in quiver) {32} b - an uncursed +0 yumi {30} R - an uncursed +0 silver dagger {11} c - a blessed +1 orcish dagger {10} h - an uncursed +0 orcish dagger named +0 {10} g - a cursed -1 stone orcish dagger {8} w - an uncursed thoroughly rusty +0 long sword (weapon in hand) {40} Armor O - an uncursed +0 helm of brilliance (being worn) {30} V - an uncursed +0 pair of dwarvish boots (being worn) {38} W - an uncursed +0 dwarvish cloak (being worn) {8} e - an uncursed rustproof +0 splint mail (being worn) {300} Comestibles u - 2 uncursed eucalyptus leaves {2} Q - an uncursed tripe ration {10} v - 2 uncursed eggs {2} Scrolls B - a blessed scroll of earth {5} A - an uncursed scroll of earth {5} r - an uncursed scroll of teleportation {5} Potions T - a cursed potion of oil {20} p - an uncursed potion of water {20} Rings m - an uncursed ring of fire resistance {3} L - an uncursed ring of levitation {3} y - a blessed +1 ring of protection {3} F - an uncursed ring of shock resistance {3} M - an uncursed ring of warning named tried {3} Wands z - a cursed wand of secret door detection (0:13) {7} Tools d - an uncursed +0 mithril pick-axe named !C {62} Gems/Stones f - an uncursed fluorite stone {1} i - 2 uncursed worthless pieces of green glass {2} S - an uncursed worthless piece of orange glass {1} G - 3 uncursed worthless pieces of violet glass {3} k - 2 uncursed worthless pieces of white glass {2} s - an uncursed worthless piece of yellow glass {1} Joes the Samurai's attributes: Background: You were a Ninja, a level 6 male human Samurai. You were lawful, on a mission for Amaterasu Omikami who was opposed by Raijin (neutral) and Susanowo (chaotic). You were bisexual. You were in the Dungeons of Doom, on level 6. You entered the dungeon 4816 turns ago. You had 486 experience points, 154 more were needed to attain level 7. Basics: You had 0 out of 60 hit points. You had all 21 energy points (spell power). Your armor class was 1. Your wallet contained 428 zorkmids. Autopickup was on for '$?!/' plus thrown. Final Characteristics: Your strength was 12 (base:13, limit:18/100). Your dexterity was 18 (limit:18). Your constitution was 18 (limit:18). Your intelligence was 11 (limit:18). Your wisdom was 10 (limit:18). Your charisma was 7 (limit:18). Final Status: You were deaf. You were fainted due to starvation. You were unencumbered. You were wielding a long sword. You were skilled in long sword. Final Attributes: You were piously aligned. You were warded. You were fast. You are dead. Miscellaneous: You never encountered a bones level. Total elapsed playing time was 1 hour, 5 minutes and 36 seconds. Major events: Turn 1: joes the lawful male human Samurai entered the dungeon 808: attained the rank of Ronin (level 3) 1486: entered the Gnomish Mines 2788: entered Sokoban 3054: completed 1st Sokoban level 4401: attained the rank of Ninja (level 6) 4816: killed by a water moccasin, while fainted from lack of food Vanquished creatures: 4 water moccasins a plains centaur 2 dingoes a yellow light 3 giant ants a dwarf a rock piercer a rothe a rock mole a fog cloud a red naga hatchling a baby crocodile a little dog a manes 3 kobold leaders a hobgoblin 3 gnomes 2 garter snakes 3 iguanas an acid blob a hobbit 2 bats a yellow mold a red mold a gecko 2 jackals 2 foxes a kobold 7 goblins 3 sewer rats 2 grid bugs 4 lichens a kobold zombie a newt 62 creatures vanquished. No species were genocided or became extinct. Voluntary challenges: You read items or engraved 18 times. You never genocided any monsters. You never polymorphed an object. You never changed form. You never touched an artifact. You used no wishes. You were celibate. You never generated conflict. You did not violate any of the special Sokoban rules. Achievements: You entered a shop. You attained the rank of Ronin. You entered the Gnomish Mines. You entered Sokoban. You attained the rank of Ninja. Dungeon overview: The Dungeons of Doom: levels 1 to 9 Level 1: "traps" An altar, some fountains. Level 2: An altar, a fountain. Level 3: A general store. Level 4: A fountain. Stairs down to The Gnomish Mines. Level 5: "stash" A fountain, a tree. Level 6: "nymph with katana, water moccasins" <- You were here. A fountain. Oracle of Delphi. Final resting place for you, killed by a water moccasin, while fainted from lack of food. Level 7: Stairs up to Sokoban, level 6. Level 8: "cent, dog" Level 9: The Gnomish Mines: Level 5: Sokoban: levels 6 up to 5 Level 5: Unsolved. Level 6: Solved. Game over: __________ / \ / REST \ / IN \ / PEACE \ / \ | joes | | 428 Au | | killed by a | | water moccasin | | | | | | 2023 | *| * * * | * _________)/\\_//(\/(/\)/\//\/|_)_______ Sayonara joes the Samurai... You died in The Dungeons of Doom on dungeon level 6 with 2750 points, and 428 pieces of gold, after 4816 moves. You were level 6 with a maximum of 60 hit points when you died.